cohdb
Replays
Latest Replays
All Replays
Popular Replays
Top Player Replays
Match Explorer
How It Works
Community
CoH3 Stats
Reddit
Sign in to upload your games and track your stats! →
Sign in with Steam
Fighting to the last man
Match 33799477
Overview
Messages
Build Orders
End
Construct Barracks
Engineer Squad
Riflemen Squad
Riflemen Squad
Riflemen Squad
Grenade Package
Construct Medical Station
Infantry Support Center
Construct Motor Pool
M1 Mortar Team
M8 Greyhound Armored Car
Selects Armored Battlegroup
Selects Veteran Crews
Selects Strength in Steel
M1 Anti-tank Gun Team
M1918 Browning Automatic Rifles
M8 Greyhound Armored Car
M1 Anti-tank Gun Team
Selects M8 Scott SPG
Riflemen Squad
Construct Tank Depot
Selects M31 Recovery Vehicle
Selects War Machine
Selects Seek and Destroy
Selects UNKNOWN (2160077)
M1 Anti-tank Gun Team
M4A3E8 Sherman Easy Eight
M1 Anti-tank Gun Team
Engineer Squad
Riflemen Squad
Survival Training
Engineer Squad
M1 Anti-tank Gun Team
M18 Hellcat Tank Destroyer
kardsharp
乌拉
咕咕nick
FLOKL
0
0
Comments
sign in to comment!
No comments posted yet!